details: 'ne v hu trush def'

« prev index next »

General information

Mini Map

Players

team 1
Random» HumanAerolyn (blue | 199 APM | 855 actions | 04:18)
Hero icon 1 Archmage
Ability icon 1 Summon Water Elemental

» actions
Assign group hotkey12
Build / train28
Enter build submenu24
Enter hero's abilities submenu1
Right click295
Select / deselect187
Select group hotkey293
Use ability15
855 total
» units
Peasant14
Footman10
24 total
» buildings
Altar of Kings1
Barracks1
Farm3
Lumber Mill1
Scout Tower3
Guard Tower2
11 total
» build order
00:20 Altar of Kings
00:35 Barracks
00:49 Farm
01:04 Farm
01:20 Lumber Mill
01:48 Farm
03:31 Scout Tower
03:45 Guard Tower
03:47 Scout Tower
04:01 Guard Tower
04:09 Scout Tower
team 2
Random» NightElfiggy_the_fisk (red | 96 APM | 417 actions | 04:19)
Hero icon 2 Demon Hunter
Ability icon 1 Mana Burn
Ability icon 1 Evasion

» actions
Assign group hotkey24
Build / train24
Enter build submenu6
Enter hero's abilities submenu2
Right click221
Select / deselect79
Select group hotkey44
Use ability17
417 total
» units
Wisp9
Archer7
16 total
» buildings
Altar of Elders1
Moon Well3
Ancient of War2
Tree of Ages5
11 total
» build order
00:06 Altar of Elders
00:17 Moon Well
00:47 Ancient of War
01:21 Moon Well
02:25 Tree of Ages
02:25 Tree of Ages
02:25 Tree of Ages
02:25 Tree of Ages
02:57 Moon Well
04:03 Ancient of War